 Dungeon Crawl Stone Soup version 0.29-a0-483-g69413ace17 (webtiles) character file.

Game seed: 13212391013184568003

6916 croobank the Covert (level 11, -4/87 HPs)
             Began as a Gnoll Delver on May 25, 2022.
             Was an Initiate of Gozag.
             Slain by a black mamba (5 damage)
             ... on level 8 of the Dungeon.
             The game lasted 01:07:44 (16848 turns).

croobank the Covert (Gnoll Delver)                 Turns: 16848, Time: 01:07:49

Health: -4/87      AC: 15    Str: 12    XL:     11   Next: 7%
Magic:  19/19      EV:  8    Int: 13    God:    Gozag
Gold:   293        SH:  0    Dex: 14    Spells: 7/21 levels left

rFire   + + +      SeeInvis .   e - +2 halberd
rCold   . . .      Faith    .   (shield currently unavailable)
rNeg    . . .      Spirit   .   w - +3 chain mail {Will+}
rPois   .          Reflect  .   h - +0 helmet of the Maze {Fly rF+++ rC- Stlth+}
rElec   .          Harm     .   i - scarf {repulsion}
rCorr   .          Rampage  .   l - +0 pair of gloves
Will    +....                   (no boots)
Stlth   +++.......              t - amulet of regeneration
HPRegen 1.04/turn               p - ring of protection from cold
MPRegen 0.16/turn               y - ring of protection from fire

@: lethally poisoned (-4 -> -21), flying, repel missiles
A: fangs 1, strong nose, distributed training
a: Renounce Religion, Potion Petition, Call Merchant, Bribe Branch


You were on level 8 of the Dungeon.
You worshipped Gozag.
Gozag was aware of your devotion.
You visited 3 branches of the dungeon, and saw 12 of its levels.

You collected 1032 gold pieces.
You spent 612 gold pieces at shops.
You paid 127 gold pieces to Gozag.

Inventory:

Hand Weapons
 a - a +1 war axe
 b - a +0 hunting sling
 e - a +2 halberd (weapon)
 k - a +0 trident
 s - a +1 hand axe
 K - a +0 falchion
 O - a +0 lajatang
Missiles
 r - 229 stones (quivered)
Armour
 f - a +1 leather armour
 h - the +0 helmet of the Maze (worn) {Fly rF+++ rC- Stlth+}
   (You found it on level 5 of the Dungeon)

   rF:        It renders you almost immune to fire.
   rC:        It makes you vulnerable to cold.
   Fly:       It grants you flight.
   Stlth:     It makes you more stealthy.
 i - a scarf of repulsion (worn)
 l - a +0 pair of gloves (worn)
 v - a +0 ring mail
 w - a +3 chain mail of willpower (worn)
 H - a +1 helmet
 L - a +2 robe of fire resistance
 M - a +0 pair of gloves
 N - a +2 robe of fire resistance
Jewellery
 p - a ring of protection from cold (left hand)
 t - an amulet of regeneration (around neck)
 y - a ring of protection from fire (right hand)
 P - an amulet of the acrobat
Wands
 g - a wand of digging (2)
 m - a wand of iceblast (16)
 u - a wand of flame (14)
Scrolls
 c - 4 scrolls of fog
 d - 3 scrolls of magic mapping
 j - 2 scrolls of immolation
 o - 8 scrolls of teleportation
 x - 4 scrolls of vulnerability
 D - a scroll of torment {unknown}
 J - 3 scrolls of amnesia {unknown}
Potions
 n - 2 potions of attraction
 q - a potion of ambrosia
 z - 2 potions of brilliance
 B - a potion of cancellation
 C - 2 potions of resistance
 F - a potion of flight
 G - a potion of invisibility
 I - 3 potions of heal wounds
 Q - a potion of curing


   Skills:
 + Level 8.9 Fighting
 + Level 5.9 Short Blades
 + Level 5.9 Long Blades
 + Level 7.5 Axes
 + Level 5.9 Maces & Flails
 + Level 5.9 Polearms
 + Level 5.9 Staves
 + Level 5.9 Slings
 + Level 5.9 Bows
 + Level 5.9 Crossbows
 + Level 5.9 Throwing
 + Level 5.9 Armour
 + Level 7.5 Dodging
 + Level 11.2 Stealth
 + Level 5.9 Shields
 + Level 5.9 Unarmed Combat
 + Level 5.9 Spellcasting
 + Level 4.9 Conjurations
 + Level 4.9 Hexes
 + Level 4.9 Summonings
 + Level 4.9 Necromancy
 + Level 4.9 Translocations
 + Level 4.9 Transmutations
 + Level 4.9 Fire Magic
 + Level 4.9 Ice Magic
 + Level 4.9 Air Magic
 + Level 4.9 Earth Magic
 + Level 4.9 Poison Magic
 + Level 6.5 Invocations
 + Level 5.9 Evocations


You had 7 spell levels left.
You knew the following spells:

 Your Spells              Type           Power      Damage    Failure   Level
a - Frozen Ramparts       Ice            32%        1d5       89%         3
b - Teleport Other        Tloc           16%        N/A       89%         3
c - Ice Form              Ice/Tmut       16%        N/A       100%        4
d - Summon Ice Beast      Ice/Summ       16%        N/A       100%        4

Your spell library contained the following spells:

 Spells                   Type           Power      Damage    Failure   Level
 Gell's Gravitas          Tloc           16%        N/A       89%         3
 Lesser Beckoning         Tloc           16%        N/A       89%         3
 Dispersal                Tloc           8%         N/A       100%        6


Dungeon Overview and Level Annotations

Branches:
Dungeon (10/15)            Temple (1/1) D:7            Lair (1/6) D:8
    Orc: D:9-12

Altars:
Cheibriados
Dithmenos
Elyvilon
Gozag
Hepliaklqana
Kikubaaqudgha
Makhleb
Nemelex Xobeh
Okawaru
Ru
Trog
Uskayaw
Vehumet
Xom
Yredelemnul
Zin

Shops:
D:2 [(=

Annotations:
D:8 2 transporters, Gibbon's ghost, novice DsNe; Grum


Innate Abilities, Weirdness & Mutations

You have very sharp teeth.
Your uncanny sense of smell can sniff out nearby items.
Your experience applies equally to all skills.


Message History

The bullfrog closely misses you. The black mamba bites you!
You are poisoned.
The black mamba poisons you! The bullfrog barely misses you.
The black mamba bites you but does no damage.
The bullfrog hits you but does no damage.
There is a staircase back to the Dungeon here.
You feel very sick. The black mamba bites you!
You are more poisoned.
The black mamba poisons you! The bullfrog hits you.
The black mamba closely misses you.
You fly upwards.
Welcome back to the Dungeon!
Level annotation: 2 transporters, Gibbon's ghost, novice DsNe; Grum You feel extremely sick.
There is a staircase to the Lair here.
Okay, then.
You feel very sick.
The bullfrog snags a nearby centipede with its tongue.
The bullfrog hits you but does no damage.
The black mamba bites you but does no damage.
The bullfrog barely misses you.
The black mamba attacks as you move away!
The black mamba bites you but does no damage.
You feel very sick.
You feel very sick. The black mamba barely misses you.
You hit the black mamba but do no damage.
Your bite misses the black mamba.
You feel very sick. The black mamba bites you!
* * * LOW HITPOINT WARNING * * *
The black mamba bites you but does no damage.
You miss the black mamba.
You feel sick. The black mamba bites you!
* * * LOW HITPOINT WARNING * * *
You are lethally poisoned!
The black mamba poisons you! The black mamba bites you!
* * * LOW HITPOINT WARNING * * *
The black mamba bites you.
You die...
Your body crumbles into a pile of gold.

#.##.# #.≈≈#...###.## ########
#.##.# #.≈≈###....... ##...##.##
#.##.# #.≈≈.8#.######
##.###..#.###.##.###.≈≈.##.#ggg#8
#.##.#..##.##.##.##..≈≈.#..'$g:#⌠
.##.#.##.............≈≈.##.#$[=#8
.#.###.#.......#.##..≈≈.8#.######
.##.#.#.....#..#.##..≈≈###..gh...
.....##..##.#..#@###.≈≈#...###g##
.........##.#.>#S# #.≈≈#...#.###.
......#####.#...F# #.≈≈#####.....
..#)### #.#.#..###.≈≈≈≈≈≈≈≈≈≈≈≈
..#.#######.#.#......≈≈≈≈≈≈≈≈≈≈≈≈
..#.##...........###.............
..#.##.####.#....# ###...#.#.####
..#....#.....###>## ##.##...#
............## ##.## #.##.###


You could see a black mamba and a bullfrog.

Vanquished Creatures
  A komodo dragon (Lair:1)
  3 hornets
  A wraith (D:10)
  8 yaks
  A wyvern (D:9)
  A steam dragon (D:6)
  3 humans
  Duvessa (D:7)
  3 water moccasins
  3 black bears
  An ice beast (D:6)
  3 orc warriors
  2 sky beasts
  2 ogres (D:5)
  A phantom (D:6)
  A kobold brigand (D:4)
  2 gnoll sergeants
  6 bullfrogs
  6 scorpions
  3 wights (D:10)
  Dowan (D:7)
  12 killer bees
  A howler monkey (D:4)
  3 hounds
  6 orc priests
  2 gnoll shamans
  An iron imp (D:6)
  3 jellies
  Jessica (D:2)
  An iguana (D:5)
  7 orc wizards
  14 gnolls
  5 adders
  2 shadow imps
  2 white imps (D:7)
  An ufetubus (D:6)
  4 worms
  4 dart slugs
  22 orcs
  3 endoplasms
  2 giant cockroaches
  3 goblins
  10 hobgoblins
  4 jackals (D:2)
  8 kobolds
  4 quokkas
  7 ball pythons
  A bat (D:2)
  3 frilled lizards
  4 rats
193 creatures vanquished.

Vanquished Creatures (others)
  A fungus (D:9)
  8 plants
9 creatures vanquished.

Grand Total: 202 creatures vanquished

Notes
Turn   | Place    | Note
-------+----------+-------------------------------------------
     0 | D:5      | Reached skill level 9 in Stealth
     0 | D:5      | croobank the Gnoll Delver began the quest for the Orb.
     0 | D:5      | Reached XP level 1. HP: 23/23 MP: 1/1
     3 | D:5      | Found a shadowy altar of Dithmenos.
    21 | D:5      | Identified the +0 helmet of the Maze {Fly rF+++ rC- Stlth+}
    93 | D:4      | Noticed a jelly
   361 | D:4      | Noticed a scorpion
   435 | D:4      | Reached XP level 2. HP: 29/29 MP: 2/2
   587 | D:4      | Noticed a scorpion
   593 | D:4      | Reached skill level 1 in Short Blades
   593 | D:4      | Reached skill level 1 in Long Blades
   593 | D:4      | Reached skill level 1 in Maces & Flails
   593 | D:4      | Reached skill level 1 in Polearms
   593 | D:4      | Reached skill level 1 in Staves
   593 | D:4      | Reached skill level 1 in Slings
   593 | D:4      | Reached skill level 1 in Bows
   593 | D:4      | Reached skill level 1 in Crossbows
   593 | D:4      | Reached skill level 1 in Throwing
   593 | D:4      | Reached skill level 1 in Armour
   593 | D:4      | Reached skill level 1 in Shields
   593 | D:4      | Reached skill level 1 in Unarmed Combat
   593 | D:4      | Reached skill level 1 in Spellcasting
   593 | D:4      | Reached skill level 1 in Invocations
   593 | D:4      | Reached skill level 1 in Evocations
   593 | D:4      | Reached XP level 3. HP: 8/35 MP: 2/4
   593 | D:4      | Reached XP level 4. HP: 9/41 MP: 2/5
   613 | D:4      | Reached skill level 1 in Conjurations
   613 | D:4      | Reached skill level 1 in Hexes
   613 | D:4      | Reached skill level 1 in Summonings
   613 | D:4      | Reached skill level 1 in Necromancy
   613 | D:4      | Reached skill level 1 in Translocations
   613 | D:4      | Reached skill level 1 in Transmutations
   613 | D:4      | Reached skill level 1 in Fire Magic
   613 | D:4      | Reached skill level 1 in Ice Magic
   613 | D:4      | Reached skill level 1 in Air Magic
   613 | D:4      | Reached skill level 1 in Earth Magic
   613 | D:4      | Reached skill level 1 in Poison Magic
   916 | D:2      | Reached XP level 5. HP: 38/47 MP: 6/6
  2015 | D:2      | Found Boaj's Antique Weapon Shoppe.
  2028 | D:2      | Found a faded altar of an unknown god.
  2128 | D:2      | Bought a war axe for 105 gold pieces
  2132 | D:2      | Noticed Jessica
  2140 | D:2      | Killed Jessica
  2332 | D:2      | Found Urawn's Jewellery Shop.
  2441 | D:2      | Found Ziwio's Antique Armour Shoppe.
  2818 | D:3      | Reached XP level 6. HP: 53/53 MP: 8/8
  3037 | D:3      | Found a hide-covered altar of Uskayaw.
  3616 | D:4      | Reached skill level 5 in Axes
  3616 | D:4      | Reached skill level 5 in Dodging
  3663 | D:4      | Reached XP level 7. HP: 34/60 MP: 10/10
  4375 | D:5      | HP: 1/60 [ogre/+0 giant club (30)]
  4726 | D:5      | Reached skill level 10 in Stealth
  5086 | D:5      | Reached XP level 8. HP: 51/67 MP: 12/12
  5353 | D:5      | Found a radiant altar of Vehumet.
  6314 | D:6      | Found an ancient bone altar of Kikubaaqudgha.
  6317 | D:6      | Found a sparkling altar of Nemelex Xobeh.
  6320 | D:6      | Found an iron altar of Okawaru.
  6443 | D:6      | Reached XP level 9. HP: 55/72 MP: 14/14
  6964 | D:6      | Found a shimmering altar of Xom.
  6965 | D:6      | Found a hazy altar of Hepliaklqana.
  6966 | D:6      | Noticed a spectral ugly thing
  7355 | D:6      | Found a snail-covered altar of Cheibriados.
  7730 | D:7      | Noticed Duvessa
  8037 | D:7      | Noticed a hornet
  8106 | D:7      | Paralysed by a hornet for 1 turns
  8124 | D:7      | Found a staircase to the Ecumenical Temple.
  8133 | Temple   | Entered the Ecumenical Temple
  8148 | Temple   | Killed a hornet
  8447 | Temple   | Became a worshipper of Gozag Ym Sagoz the Greedy
  8543 | D:7      | Reached skill level 5 in Invocations
  8544 | D:7      | HP: 3/74 [yak (12)]
  8644 | D:7      | Noticed Dowan
  9114 | D:7      | Killed Dowan
  9121 | D:7      | Killed Duvessa
  9524 | D:7      | Reached XP level 10. HP: 80/80 MP: 17/17
 10098 | D:7      | Found a burning altar of Makhleb.
 10209 | D:7      | Reached skill level 5 in Short Blades
 10209 | D:7      | Reached skill level 5 in Long Blades
 10209 | D:7      | Reached skill level 5 in Maces & Flails
 10209 | D:7      | Reached skill level 5 in Polearms
 10209 | D:7      | Reached skill level 5 in Staves
 10209 | D:7      | Reached skill level 5 in Slings
 10209 | D:7      | Reached skill level 5 in Bows
 10209 | D:7      | Reached skill level 5 in Crossbows
 10209 | D:7      | Reached skill level 5 in Throwing
 10209 | D:7      | Reached skill level 5 in Armour
 10209 | D:7      | Reached skill level 5 in Shields
 10209 | D:7      | Reached skill level 5 in Unarmed Combat
 10209 | D:7      | Reached skill level 5 in Spellcasting
 10209 | D:7      | Reached skill level 5 in Evocations
 10631 | D:2      | Bought a pair of gloves for 81 gold pieces
 10631 | D:2      | Bought a glowing robe for 66 gold pieces
 10854 | D:7      | Learned a level 3 spell: Frozen Ramparts
 10858 | D:7      | Learned a level 3 spell: Teleport Other
 11996 | D:8      | Noticed Grum
 12002 | D:8      | Noticed Gibbon's ghost (novice DsNe)
 13048 | D:8      | Found a staircase to the Lair.
 13054 | D:8      | Learned a level 4 spell: Ice Form
 13059 | D:8      | Learned a level 4 spell: Summon Ice Beast
 13134 | D:8      | Found a transporter.
 13140 | D:8      | Found a transporter.
 13435 | D:9      | Reached skill level 11 in Stealth
 13486 | D:10     | Entered Level 10 of the Dungeon
 13658 | D:9      | Paralysed by a hornet for 1 turns
 13661 | D:9      | Paralysed by a hornet for 2 turns
 14231 | D:9      | Noticed a centaur warrior
 14232 | D:9      | Noticed a centaur warrior
 14253 | D:9      | Noticed a brown ugly thing
 14256 | D:9      | Noticed a green ugly thing
 14257 | D:9      | Noticed a cyclops
 14656 | D:9      | Paralysed by a hornet for 3 turns
 15138 | Lair:1   | Entered Level 1 of the Lair of Beasts
 15557 | Lair:1   | Noticed a black mamba
 15988 | D:10     | Found a glowing silver altar of Zin.
 16308 | D:10     | Reached XP level 11. HP: 52/87 MP: 19/19
 16673 | D:2      | Bought an amulet of regeneration for 360 gold pieces
 16848 | D:8      | HP: 1/87 [black mamba (9)]
 16848 | D:8      | Slain by a black mamba

Illustrated notes

Levels and vault maps discovered:
D:1:      zaba_arrival_water, layout_basic, hangedman_decor_peaks_small,
          nrook_mini_backslash, hangedman_decor_lopped, serial_bayou_lake_a
D:2:      layout_rooms, hellmonk_ecumenical_altar_arch_garden, serial_shops,
          nicolae_lakefront_shop, nicolae_shop_crystal, shop, uniq_jessica
D:3:      layout_basic, eat_drink_and_be_merry_uskayaw,
          kennysheep_generic_room_7
D:4:      layout_basic
D:5:      layout_loops_ring, mainiacjoe_overflow_tiny_flanked,
          mainiacjoe_overflow_concentric_impassable
D:6:      layout_cave_pools, regret_index_temple_of_mockery, minitemple,
          slow_altar_2, serial_bayou_pond_a, minmay_ruffians
D:7:      layout_basic, lemuel_doored_altar,
          minmay_temple_entry_enclosed_plants, kennysheep_nub,
          minmay_diced_spiral, uniq_duvessa
D:8:      layout_loops_ring, lair_entry_dummy, gammafunk_ghost_gnarly_gnolls,
          small_statue_intersection
D:9:      layout_loops_ring, minmay_misc_feat_nine_boxes, fungi_pond_lemuel,
          chequers_serial_rivers_room_b, minmay_fractal_squares_gapless_7
D:10:     layout_loops_ring, mainiacjoe_overflow_brackets
Temple:   jpeg_temple_clearing
Lair:1:   layout_regular_city, kennysheep_abandoned_house

Skill      XL: |  1  2  3  4  5  6  7  8  9 10 |
---------------+-------------------------------+-----
Stealth        | 10 11 | 11.2
Short Blades   | 1 2 3 4 5 |  5.9
Long Blades    | 1 2 3 4 5 |  5.9
Maces & Flails | 1 2 3 4 5 |  5.9
Polearms       | 1 2 3 4 5 |  5.9
Staves         | 1 2 3 4 5 |  5.9
Slings         | 1 2 3 4 5 |  5.9
Bows           | 1 2 3 4 5 |  5.9
Crossbows      | 1 2 3 4 5 |  5.9
Throwing       | 1 2 3 4 5 |  5.9
Armour         | 1 2 3 4 5 |  5.9
Shields        | 1 2 3 4 5 |  5.9
Unarmed Combat | 1 2 3 4 5 |  5.9
Spellcasting   | 1 2 3 4 5 |  5.9
Invocations    | 1 2 3 4 5 6 |  6.5
Evocations     | 1 2 3 4 5 |  5.9
Conjurations   | 1 2 3 4 |  4.9
Hexes          | 1 2 3 4 |  4.9
Summonings     | 1 2 3 4 |  4.9
Necromancy     | 1 2 3 4 |  4.9
Translocations | 1 2 3 4 |  4.9
Transmutations | 1 2 3 4 |  4.9
Fire Magic     | 1 2 3 4 |  4.9
Ice Magic      | 1 2 3 4 |  4.9
Air Magic      | 1 2 3 4 |  4.9
Earth Magic    | 1 2 3 4 |  4.9
Poison Magic   | 1 2 3 4 |  4.9
Axes           | 5 6 7 |  7.5
Dodging        | 5 6 7 |  7.5
Fighting       | 7 8 |  8.9

Action                   |  1- 3 |  4- 6 |  7- 9 | 10-12 || total
-------------------------+-------+-------+-------+-------++-------
Melee: Hand axe          |    13 |    91 |       |       ||   104
       Bite              |     3 |     9 |    29 |    25 ||    66
       Punch             |       |     4 |     7 |     7 ||    18
       War axe           |       |    78 |   305 |   217 ||   600
       Halberd           |       |       |       |    70 ||    70
Throw: Throwing net      |       |       |       |     3 ||     3
 Cast: Frozen Ramparts   |       |       |       |    11 ||    11
Evoke: Wand              |     2 |     6 |    24 |    10 ||    42
  Use: Scroll            |     1 |     9 |     9 |     8 ||    27
       Potion            |       |     3 |     9 |     1 ||    13
 Stab: Sleeping          |     1 |    17 |     1 |     2 ||    21
       Distracted        |       |       |     1 |       ||     1
       Held in net/web   |       |       |       |     2 ||     2
Armor: Leather armour    |     7 |    20 |       |     1 ||    28
       Chain mail        |       |    26 |   226 |    78 ||   330
       Skin              |       |    32 |       |       ||    32
       Robe              |       |       |       |    18 ||    18
Dodge: Dodged            |     2 |    78 |   127 |   184 ||   391
       Repelled          |       |     2 |     1 |     1 ||     4

Table legend: (Time is in decaauts)
 A = Elapsed time spent in this place.
 B = Non-inter-level travel time spent in this place.
 C = Inter-level travel time spent in this place.
 D = Time resting spent in this place.
 E = Time spent auto-exploring this place.
 F = Levels seen in this place.
 G = Mean time per level.
                   A        B        C        D        E       F      G
               +--------+--------+--------+--------+--------+-----+--------+
         Total |  16979 |  16032 |    947 |   6298 |   6726 |  12 | 1414.9 |
       Dungeon |  16474 |  15555 |    919 |   5927 |   6680 |  10 | 1647.4 |
        Temple |    331 |    304 |     27 |    256 |     36 |   1 |  331.0 |
          Lair |    172 |    172 |      0 |    115 |     10 |   1 |  172.0 |
               +--------+--------+--------+--------+--------+-----+--------+

Top non-repeatable levels by time:
     D:7: 3295 daAuts
     D:9: 2230 daAuts
     D:5: 1966 daAuts
     D:4: 1701 daAuts
     D:8: 1553 daAuts
     D:6: 1515 daAuts
     D:3: 1205 daAuts
    D:10: 1066 daAuts
     D:2: 1062 daAuts
     D:1: 877 daAuts
  Temple: 331 daAuts
  Lair:1: 172 daAuts
